 Dungeon Sprint DCSS version 0.31-a0-868-g674d60d6f7 (webtiles) character file.

Game seed: 13531679290004892388

393586 rocky1 the Swordmaster (level 21, -1/204 HPs)
             Began as a Formicid Fighter on Oct 12, 2023.
             Was an Initiate of Gozag.
             Killed by divine providence
             ... invoked by a royal mummy
              (14 damage)
             ... in the Dungeon (Sprint IX: "|||||||||||||||||||||||||||||").
             The game lasted 00:44:31 (10627 turns).

rocky1 the Swordmaster (Formicid Fighter)          Turns: 10627, Time: 00:44:31

Health: -1/204     AC: 44    Str: 23    XL:     21   Next: 58%
Magic:  52/52      EV: 27    Int: 11    God:    Gozag
Gold:   6841       SH: 26    Dex: 27    Spells: 70/74 levels left

rFire   + . .        A - +9 great sword (holy)
rCold   + + +        D - +5 Storm Queen's Shield {shock, Fly rElec}
rNeg    . . .        V - +7 gold dragon scales
rPois   +            (helmet unavailable)
rElec   +            U - +0 cloak of the Elephant {rF+ Dex+4}
rCorr   .            d - +2 pair of gloves "Letohose" {Dex+4}
SInv    +            B - +2 pair of boots
Will    ++++.        K - necklace of Bloodlust {Fury *Rage Will++ Int-3 Slay+6} Stlth
                     Q - ring of Kuamyor {rPois rC++ EV+3 Int+5}
HPRegen 0.54/turn    m - +4 ring of slaying
MPRegen 0.33/turn

%: no passive effects
@: gold aura, flying
A: permanent stasis, dig shafts and tunnels, antennae 3, four strong arms,
clumsy 1, wild magic 1, heat vulnerability 1
}: 7/17 runes: decaying, serpentine, barnacled, slimy, elven, silver, gossamer
a: Dig, Renounce Religion, Potion Petition, Call Merchant, Bribe Branch


You were in the Dungeon.
You worshipped Gozag.
Gozag was greatly pleased with you.
You visited 1 branch You collected 52900 gold pieces.
You spent 21331 gold pieces at shops.
You paid 24728 gold pieces to Gozag.

Inventory:

Hand Weapons
 b - a +7 great sword of freezing
 p - the +4 consecrated labrys {holy, Valiant Fragile Fly SInv}
   (You bought it in a shop in the Dungeon)

   Valiant:   It becomes more powerful as more dangerous foes come into view.
   SInv:      It lets you see invisible.
   Fly:       It grants you flight.
   Fragile:   It will be destroyed if unequipped.
 v - a +9 vampiric great sword
 y - a +1 great sword of flaming
 A - a +9 great sword of holy wrath (weapon)
 E - the +13 scythe of Curses {drain, curses, Drain}
   (You bought it in a shop in the Dungeon)

   Drain:     It drains your maximum health when unequipped.
 O - a +1 great sword of electrocution
Missiles
 a - 2 darts of dispersal
 x - 4 curare-tipped darts (quivered)
Armour
 c - the +9 ring mail of the Flying Gods {rElec rF+}
   (You bought it in a shop in the Dungeon)

   rF+:       It protects you from fire.
   rElec:     It insulates you from electricity.
 d - the +2 pair of gloves "Letohose" (worn) {Dex+4}
   (You bought it in a shop in the Dungeon)

   Dex+4:     It affects your dexterity (+4).
 B - a +2 pair of boots (worn)
 D - the +5 Storm Queen's Shield (worn) {shock, Fly rElec}
   (You bought it in a shop in the Dungeon)

   Shock:     When it blocks an attack, it may electrocute the attacker.
   This works even against foes who are a short distance away.
   rElec:     It insulates you from electricity.
   Fly:       It grants you flight.
 H - a +2 cloak of preservation
 U - the +0 cloak of the Elephant (worn) {rF+ Dex+4}
   (You found it in the Dungeon)

   Dex+4:     It affects your dexterity (+4).
   rF+:       It protects you from fire.
 V - +7 gold dragon scales (worn)
Jewellery
 k - an amulet of guardian spirit
 m - a +4 ring of slaying (right hand)
 n - a ring of willpower
 o - a ring of protection from cold
 r - the amulet of Tofionam {RegenMP rElec rF+++ Dex-5}
   (You found it in the Dungeon)

   [amulet of magic regeneration]

   RegenMP:   It increases your rate of magic regeneration.
   Dex-5:     It affects your dexterity (-5).
   rF+++:     It renders you almost immune to fire.
   rElec:     It insulates you from electricity.
 u - a ring of resist corrosion
 K - the necklace of Bloodlust (around neck) {Fury *Rage Will++ Int-3 Slay+6}
   (You bought it in a shop in the Dungeon)

   [amulet of nothing]

   Fury:      It extends the wearer's berserk rage when killing foes.
   Int-3:     It affects your intelligence (-3).
   Slay+6:    It affects your accuracy & damage with ranged weapons and melee
   (+6).
   Will++:    It greatly increases your willpower.
   *Rage:     It berserks you when you make melee attacks (+50% chance).
 L - the ring "Casup" {rF+ rC+ Will+}
   (You bought it in a shop in the Dungeon)

   [ring of willpower]

   rF+:       It protects you from fire.
   rC+:       It protects you from cold.
   Will+:     It increases your willpower.
 P - the ring of Rofiw {Wiz rC- Str+5}
   (You found it in the Dungeon)

   [ring of wizardry]

   Wiz:       It improves your spell success rate.
   Str+5:     It affects your strength (+5).
   rC-:       It makes you vulnerable to cold.
 Q - the ring of Kuamyor (left hand) {rPois rC++ EV+3 Int+5}
   (You found it in the Dungeon)

   [ring of evasion]

   EV+3:      It affects your evasion (+3).
   Int+5:     It affects your intelligence (+5).
   rC++:      It greatly protects you from cold.
   rPois:     It protects you from poison
 R - the amulet "Zod Bief" {Faith rElec Will+ Dex+3}
   (You found it in the Dungeon)

   [amulet of faith]

   Faith:     It allows you to gain divine favour quickly.
   Dex+3:     It affects your dexterity (+3).
   rElec:     It insulates you from electricity.
   Will+:     It increases your willpower.
 S - the ring of the Leaf {rF+ Will+ Dex+3 Stlth-}
   (You found it in the Dungeon)

   [ring of protection from fire]

   Dex+3:     It affects your dexterity (+3).
   rF+:       It protects you from fire.
   Will+:     It increases your willpower.
   Stlth-:    It makes you less stealthy.
 T - the ring "Pam Famapn" {rCorr Dex+4}
   (You found it in the Dungeon)

   [ring of resist corrosion]

   Dex+4:     It affects your dexterity (+4).
   rCorr:     It protects you from acid and corrosion.
Wands
 C - a wand of paralysis (10)
 M - a wand of mindburst (5)
 N - a wand of flame (10)
Scrolls
 i - 2 scrolls of amnesia
 q - 7 scrolls of fear
 s - 6 scrolls of fog
 w - a scroll of immolation
 z - 2 scrolls of poison
 F - a scroll of brand weapon
 W - a scroll of identify
Potions
 e - 10 potions of curing
 f - 11 potions of heal wounds
 g - 9 potions of magic
 h - 2 potions of invisibility
 j - 2 potions of resistance
 t - 2 potions of might
 J - 4 potions of brilliance
Miscellaneous
 l - a phial of floods
 G - a lightning rod (4/4)
 I - a condenser vane


   Skills:
 O Level 27 Fighting
 O Level 27 Long Blades
 O Level 27 Polearms
 O Level 27 Armour
 O Level 27 Dodging
 - Level 2.3 Stealth
 O Level 27 Shields
 O Level 27 Spellcasting
 + Level 11.6 Conjurations
 + Level 12.6 Fire Magic
 O Level 27 Evocations


You had 70 spell levels left.
You knew the following spells:

 Your Spells              Type           Power      Damage    Failure   Level
a - Sticky Flame          Conj/Fire      52%        2d7       2%          4

Your spell library contained the following spells:

 Spells                   Type           Power      Damage    Failure   Level
 Slow                     Hex            76%        N/A       26%         1
 Lesser Beckoning         Tloc           38%        N/A       34%         2
 Call Canine Familiar     Summ           19%        N/A       56%         3
 Confusing Touch          Hex            19%        N/A       56%         3
 Frozen Ramparts          Ice            38%        1d6       56%         3
 Gell's Gravitas          Tloc           19%        N/A       56%         3
 Ozocubu's Armour         Ice            19%        N/A       56%         3
 Sigil of Binding         Hex            19%        N/A       56%         3
 Teleport Other           Tloc           19%        N/A       56%         3
 Vampiric Draining        Necr           19%        2d7       56%         3
 Anguish                  Hex/Necr       9%         N/A       91%         4
 Dimensional Bullseye     Hex/Tloc       9%         N/A       91%         4
 Dispel Undead            Necr           19%        3d11      91%         4
 Leda's Liquefaction      Hex/Erth       9%         N/A       91%         4
 Petrify                  Tmut/Erth      19%        N/A       91%         4
 Alistair's Intoxication  Tmut/Pois      12%        N/A       99%         5
 Borgnjor's Vile Clutch   Necr/Erth      9%         N/A       99%         5
 Metabolic Englaciation   Hex/Ice        9%         N/A       99%         5
 Eringya's Noxious Bog    Tmut/Pois      9%         4d6       100%        6
 Fire Storm               Conj/Fire      26%        8d7       100%        9
 Polar Vortex             Ice            9%         12d1*     100%        9


Dungeon Overview and Level Annotations

Branches:
Dungeon (1/1)

Altars:
Cheibriados
Dithmenos
Elyvilon
Fedhas
Gozag
Hepliaklqana
Kikubaaqudgha
Makhleb
Nemelex Xobeh
Okawaru
Qazlal
Ru
Sif Muna
Trog
Uskayaw
Vehumet
Wu Jian
Xom
Yredelemnul
Zin
The Shining One
Jiyva
Lugonu

Shops:
D *[[==!=(*[(((([[*(


Innate Abilities, Weirdness & Mutations

You cannot be hasted, slowed, berserked, paralysed or teleported.
You can dig through walls and to a lower floor.
You have a pair of large antennae on your head. (SInv)
Your four strong arms can wield two-handed weapons with a shield.
You are clumsy. (Dex -2)
Your spells are a little harder to cast, but a little more powerful.
You are vulnerable to heat. (rF-)


Message History

The emperor scorpion misses you.
You slice the emperor scorpion!!
The emperor scorpion is almost dead.
The royal mummy casts a spell.
You open the emperor scorpion like a pillowcase!!!
You kill the emperor scorpion!
The emperor scorpion's corpse disappears in a puff of smoke!
The royal mummy is no longer distracted by gold.
You slice the royal mummy!!
The royal mummy convulses!!!
The royal mummy is moderately damaged.
You slice the royal mummy!!
The royal mummy convulses!!
The royal mummy is severely damaged.
The royal mummy casts a spell.
The royal mummy completely misses you.
You barely miss the royal mummy.
The royal mummy is severely damaged.
The royal mummy hits you but does no damage.
A guardian mummy comes into view.
You cut the royal mummy into ribbons!!!
The royal mummy convulses!!!
You destroy the royal mummy!
The death scarab disappears in a puff of smoke!
You feel extremely nervous for a moment...
Pain shoots through your body!
* * * LOW HITPOINT WARNING * * *
The royal mummy calls on the powers of darkness!
The emperor scorpion convulses!
Your body is wracked with pain!
* * * LOW HITPOINT WARNING * * *
Your Conjurations skill increases to level 11!
Your Fire Magic skill increases to level 12!
You closely miss the emperor scorpion.
The emperor scorpion is heavily wounded.
You block the emperor scorpion's attack. x2
Your shield discharges, shocking the emperor scorpion!
The emperor scorpion closely misses you.
You slice the emperor scorpion!!
The emperor scorpion is severely wounded.
The royal mummy casts a spell at you. Something smites you!
You die...
Your body crumbles into a pile of gold. { { { { ▓▓▓▓▓▓▓▓▓▓▓▓▓▓▓▓▓▓▓▓▓▓▓▓ ∩......'........@s.MMMMφ,{{ {{{{{

▓▓▓▓▓▓▓▓▓▓▓▓▓▓▓▓▓▓▓▓▓▓▓▓▓▓▓▓▓▓▓▓▓
.................................
♣♣♣♣♣▓▓▓▓▓▓▓▓▓▓▓▓▓▓▓▓▓▓▓▓▓▓▓▓▓▓▓▓
.....))).)))))......'............
♣♣♣♣♣▓▓▓▓▓▓▓▓▓▓▓▓▓▓▓▓▓▓▓▓▓▓▓▓▓▓▓▓
.................................
▓▓▓▓▓▓▓▓▓▓▓▓▓▓▓▓▓▓▓▓▓▓▓▓▓▓▓▓▓▓▓▓▓
)....∩∩'.'.).'.[.∩..........'....


You could see 3 royal mummies, an emperor scorpion (summoned) and a guardian
mummy.

Vanquished Creatures
  the Royal Jelly (D)
  5 ancient liches (D)
  3 orbs of fire (D)
  Mara (D)
  Sojobo (D)
  2 royal mummies (D)
  Boris (D)
  2 Killer Klowns (D)
  Frederick (D)
  A caustic shrike (D)
  Xtahua (D)
  2 curse toes (D)
  A golden dragon (D)
  Nikola (D)
  Jory (D)
  2 electric golems (D)
  5 tentacled monstrosities (D)
  27 Orb Guardians (D)
  A lich (D)
  2 deep elf master archers (D)
  4 deep elf blademasters (D)
  A quicksilver dragon (D)
  7 acid blobs (D)
  14 sphinxes (D)
  3 death cobs (D)
  5 storm dragons (D)
  A draconian monk (D)
  3 tengu reavers (D)
  6 shadow dragons (D)
  5 rockslimes (D)
  6 azure jellies (D)
  Ilsuiw (D)
  2 frost giants (D)
  2 draconian knights (D)
  4 nagarajas (D)
  4 emperor scorpions (D)
  A draconian scorcher (D)
  2 fire giants (D)
  2 vault wardens (D)
  An iron dragon (D)
  3 ghost moths (D)
  Louise (D)
  An orc warlord (D)
  A draconian stormcaller (D)
  2 draconian shifters (D)
  3 ironbound preservers (D)
  2 quicksilver oozes (D)
  A draconian annihilator (D)
  2 very ugly things (D)
  7 stone giants (D)
  An ironbound thunderhulk (D)
  7 vampire knights (D)
  3 green draconians (D)
  2 deep elf demonologists (D)
  2 eleionomae (D)
  2 black draconians (D)
  2 purple draconians (D)
  2 deep elf annihilators (D)
  4 yellow draconians (D)
  3 red draconians (D)
  A spark wasp (D)
  4 deep elf death magi (D)
  5 white draconians (D)
  7 ettins (D)
  3 mummy priests (D)
  6 fire dragons (D)
  7 merfolk javelineers (D)
  6 yaktaur captains (D)
  2 merfolk impalers (D)
  An entropy weaver (D)
  2 great orbs of eyes (D)
  6 hydras (D)
  2 rakshasas (D)
  26 vault guards (D)
  An ironbound frostheart (D)
  3 deep elf high priests (D)
  An alligator (D)
  3 ice dragons (D)
  4 ogre magi (D)
  2 merfolk aquamancers (D)
  A centaur warrior (D)
  6 naga warriors (D)
  3 deep troll earth magi (D)
  2 tengu warriors (D)
  2 spriggan berserkers (D)
  A shock serpent (D)
  A demonic crawler (D)
  A vampire mage (D)
  A naga sharpshooter (D)
  Sonja (D)
  A skeletal warrior (D)
  2 salamander mystics (D)
  A shadow wraith (D)
  3 deep trolls (D)
  2 sea snakes (D)
  A spriggan druid (D)
  8 swamp dragons (D)
  A necromancer (D)
  4 ironbound convokers (D)
  A lindwurm (D)
  A glowing orange brain (D)
  2 phantasmal warriors (D)
  2 wolf spiders (D)
  4 orc knights (D)
  A harpy (D)
  A mana viper (D)
  An ugly thing (D)
  2 cyclopes (D)
  2 will-o-the-wisps (D)
  11 moths of wrath (D)
  2 vault sentinels (D)
  2 guardian serpents (D)
  3 naga magi (D)
  A cane toad (D)
  2 water nymphs (D)
  8 elephants (D)
  A cane toad (shapeshifter) (D)
  A gargoyle (D)
  A rime drake (D)
  4 komodo dragons (D)
  2 tengu conjurers (D)
  2 yaktaurs (D)
  17 guardian mummies (D)
  4 merfolk (D)
  A polar bear (shapeshifter) (D)
  6 trolls (D)
  A blink frog (D)
  2 tarantellas (D)
  A polar bear (D)
  A slime creature (D)
  3 jumping spiders (D)
  A culicivora (D)
  2 vampires (D)
  11 spriggans (D)
  A water elemental (D)
  A wyvern (D)
  A basilisk (D)
  A wraith (D)
  A golden eye (D)
  7 yaks (D)
  3 redbacks (D)
  A naga (D)
  2 floating eyes (D)
  A water moccasin (D)
  A swamp drake (D)
  10 orc warriors (D)
  2 bullfrogs (D)
  A killer bee (D)
  A hound (D)
  4 orc priests (D)
  3 orc wizards (D)
  An adder (D)
  An ufetubus (D)
  7 orcs (D)
  An endoplasm (D)
  A goblin (D)
  A hobgoblin (D)
  A kobold (D)
  A rat (D)
482 creatures vanquished.

Vanquished Creatures (others)
  A tengu reaver (D)
  A fire giant (D)
  A naga mage (D)
  A bloated husk (D)
4 creatures vanquished.

Grand Total: 486 creatures vanquished

Notes
Turn   | Place    | Note
-------+----------+-------------------------------------------
     0 | D        | rocky1 the Formicid Fighter began the quest for the Orb.
     0 | D        | Reached XP level 1. HP: 18/18 MP: 1/1
    18 | D        | Reached XP level 2. HP: 18/25 MP: 2/2
    65 | D        | Reached skill level 5 in Shields
    65 | D        | Reached XP level 3. HP: 24/31 MP: 3/3
    70 | D        | Reached skill level 5 in Fighting
    70 | D        | Reached skill level 5 in Armour
    70 | D        | Reached XP level 4. HP: 25/39 MP: 4/4
    95 | D        | Reached skill level 1 in Dodging
   165 | D        | Found a snail-covered altar of Cheibriados.
   165 | D        | Found a shadowy altar of Dithmenos.
   165 | D        | Found a white marble altar of Elyvilon.
   165 | D        | Found a blossoming altar of Fedhas.
   165 | D        | Found an opulent altar of Gozag.
   166 | D        | Found a hazy altar of Hepliaklqana.
   167 | D        | Found a viscous altar of Jiyva.
   168 | D        | Found an ancient bone altar of Kikubaaqudgha.
   169 | D        | Found a corrupted altar of Lugonu.
   170 | D        | Found a burning altar of Makhleb.
   171 | D        | Found a sparkling altar of Nemelex Xobeh.
   172 | D        | Found an iron altar of Okawaru.
   173 | D        | Became a worshipper of Gozag Ym Sagoz the Greedy
   174 | D        | Found a stormy altar of Qazlal.
   175 | D        | Found a sacrificial altar of Ru.
   176 | D        | Found a shimmering blue altar of Sif Muna.
   177 | D        | Found a bloodstained altar of Trog.
   178 | D        | Found a hide-covered altar of Uskayaw.
   179 | D        | Found a radiant altar of Vehumet.
   180 | D        | Found an ornate altar of the Wu Jian Council.
   181 | D        | Found a shimmering altar of Xom.
   182 | D        | Found a basalt altar of Yredelemnul.
   183 | D        | Found a glowing silver altar of Zin.
   184 | D        | Found a glowing golden altar of the Shining One.
   208 | D        | Noticed a wyvern
   208 | D        | Noticed a yak
   208 | D        | Noticed a vampire
   208 | D        | Noticed a yak
   208 | D        | Noticed a wraith
   216 | D        | Reached skill level 5 in Long Blades
   216 | D        | Reached XP level 5. HP: 21/46 MP: 5/5
   216 | D        | Killed a wyvern
   216 | D        | Killed a yak
   217 | D        | Reached XP level 6. HP: 26/55 MP: 6/6
   217 | D        | Reached XP level 7. HP: 28/60 MP: 7/7
   217 | D        | Killed a wraith
   218 | D        | Reached skill level 1 in Evocations
   218 | D        | Killed a vampire
   218 | D        | Killed a yak
   219 | D        | Reached XP level 8. HP: 34/69 MP: 8/8
   345 | D        | Noticed a tengu warrior
   345 | D        | Noticed a vampire
   345 | D        | Noticed a centaur warrior
   345 | D        | Noticed a tengu conjurer
   345 | D        | Noticed a gargoyle
   345 | D        | Noticed a brown ugly thing
   348 | D        | Killed a vampire
   350 | D        | Killed a tengu conjurer
   350 | D        | Killed a gargoyle
   351 | D        | Reached XP level 9. HP: 39/76 MP: 9/9
   351 | D        | Killed a centaur warrior
   351 | D        | Killed a brown ugly thing
   352 | D        | Reached skill level 10 in Fighting
   352 | D        | Reached skill level 10 in Armour
   352 | D        | Reached skill level 5 in Dodging
   352 | D        | Reached skill level 10 in Shields
   358 | D        | Killed a tengu warrior
   359 | D        | Reached skill level 1 in Stealth
   359 | D        | Reached XP level 10. HP: 31/85 MP: 10/10
   715 | D        | Got Sif Muna's Thaumaturgy of Boris
   756 | D        | Noticed a komodo dragon
   756 | D        | Noticed a cane toad
   756 | D        | Noticed a komodo dragon
   762 | D        | Killed a komodo dragon
   770 | D        | Reached skill level 15 in Long Blades
   778 | D        | Killed a cane toad
   790 | D        | Killed a komodo dragon
  1240 | D        | Noticed a komodo dragon
  1240 | D        | Noticed a komodo dragon
  1243 | D        | Killed a komodo dragon
  1247 | D        | Noticed a rime drake
  1260 | D        | Noticed a lindwurm
  1261 | D        | Killed a komodo dragon
  1265 | D        | Reached XP level 11. HP: 80/95 MP: 11/11
  1288 | D        | Killed a lindwurm
  1412 | D        | Bought a shimmering falchion for 256 gold pieces
  1412 | D        | Identified the +5 falchion of Growth {elec, rPois rF++
                  | Will- Int+3 Stlth-} (You bought it in a shop in the
                  | Dungeon)
  1412 | D        | Bought a glowing great sword for 304 gold pieces
  1412 | D        | Bought a translucent bardiche for 448 gold pieces
  1412 | D        | Identified the +6 bardiche "Raow Veu" {flame, Str+5} (You
                  | bought it in a shop in the Dungeon)
  1524 | D        | Noticed an elephant
  1524 | D        | Noticed an elephant
  1524 | D        | Noticed an elephant
  1524 | D        | Noticed an elephant
  1524 | D        | Noticed an elephant
  1524 | D        | Noticed an elephant
  1529 | D        | Killed an elephant
  1529 | D        | Noticed an elephant
  1535 | D        | Killed an elephant
  1539 | D        | Killed an elephant
  1543 | D        | Killed an elephant
  1548 | D        | Killed an elephant
  1550 | D        | Noticed an elephant
  1553 | D        | Killed an elephant
  1557 | D        | Killed an elephant
  1562 | D        | Killed an elephant
  1643 | D        | Noticed Sonja
  1655 | D        | Killed Sonja
  2021 | D        | Noticed an orc knight
  2039 | D        | Killed an orc knight
  2203 | D        | Noticed an orc knight
  2210 | D        | Killed an orc knight
  2214 | D        | Reached XP level 12. HP: 62/107 MP: 12/12
  2235 | D        | Reached skill level 15 in Armour
  2289 | D        | Found Teidghaqi's Antique Weapon Emporium.
  2289 | D        | Noticed a deep troll
  2289 | D        | Noticed an ogre mage
  2290 | D        | Noticed an ogre mage
  2298 | D        | Killed a deep troll
  2299 | D        | Noticed a deep troll
  2302 | D        | Found Mealoapp's Weapon Shoppe.
  2303 | D        | Noticed a deep troll
  2308 | D        | Killed an ogre mage
  2316 | D        | Killed an ogre mage
  2325 | D        | Killed a deep troll
  2326 | D        | Found Jagum's Antique Armour Emporium.
  2330 | D        | Killed a deep troll
  2371 | D        | Found Ofokanio's Armour Shoppe.
  2375 | D        | Noticed an ettin
  2375 | D        | Noticed an ogre mage
  2378 | D        | Reached skill level 15 in Fighting
  2392 | D        | Killed an ettin
  2396 | D        | Killed an ogre mage
  2432 | D        | Bought 2 darts of dispersal for 21 gold pieces
  2434 | D        | Bought a glowing cloak for 135 gold pieces
  2447 | D        | Bought the +2 pair of gloves "Letohose" {Dex+4} for 388
                  | gold pieces
  2627 | D        | Noticed a tengu warrior
  2627 | D        | Noticed an ogre mage
  2631 | D        | Killed a tengu warrior
  2632 | D        | Noticed a frost giant
  2636 | D        | Noticed a skeletal warrior
  2640 | D        | Noticed a vampire mage
  2654 | D        | Killed a frost giant
  2655 | D        | Reached XP level 13. HP: 65/117 MP: 13/13
  2655 | D        | Noticed a stone giant
  2663 | D        | Killed an ogre mage
  2665 | D        | Noticed a fire dragon
  2674 | D        | Killed a stone giant
  2718 | D        | Killed a fire dragon
  3064 | D        | Bought a twisted chain mail for 275 gold pieces
  3064 | D        | Identified the +1 chain mail of Perpetual Drought {+Blink
                  | Dex+2} (You bought it in a shop in the Dungeon)
  3064 | D        | Bought a pair of glowing boots for 217 gold pieces
  3064 | D        | Bought the +5 Storm Queen's Shield {shock, Fly rElec} for
                  | 1322 gold pieces
  3064 | D        | Found the +5 Storm Queen's Shield {shock, Fly rElec}
  3064 | D        | Bought a glimmering plate armour for 812 gold pieces
  3064 | D        | Identified the +10 plate armour of the Playwright {Harm
                  | rPois} (You bought it in a shop in the Dungeon)
  3064 | D        | Bought a slimy ring mail for 261 gold pieces
  3064 | D        | Identified the +2 ring mail of Duty {rCorr Str+2} (You
                  | bought it in a shop in the Dungeon)
  3107 | D        | Bought a spiked ring mail for 198 gold pieces
  3107 | D        | Identified the +9 ring mail of the Flying Gods {rElec rF+}
                  | (You bought it in a shop in the Dungeon)
  3107 | D        | Bought a shimmering scale mail for 198 gold pieces
  3107 | D        | Identified the +2 scale mail "Firyub" {rElec rCorr Int-2}
                  | (You bought it in a shop in the Dungeon)
  3107 | D        | Bought a bronze plate armour for 616 gold pieces
  3107 | D        | Identified the +5 plate armour of Prudence {-Tele MP+9
                  | Str+6} (You bought it in a shop in the Dungeon)
  3107 | D        | Bought a faintly humming ring mail for 198 gold pieces
  3107 | D        | Identified the +0 ring mail of the Trees {rPois rC+} (You
                  | bought it in a shop in the Dungeon)
  3107 | D        | Bought a pair of embroidered boots for 165 gold pieces
  3198 | D        | Bought an amulet of guardian spirit for 510 gold pieces
  3198 | D        | Bought a +4 ring of slaying for 1326 gold pieces
  3209 | D        | Noticed a merfolk javelineer
  3215 | D        | Reached skill level 1 in Spellcasting
  3220 | D        | Killed a merfolk javelineer
  3223 | D        | Reached skill level 15 in Shields
  3242 | D        | Reached XP level 14. HP: 126/130 MP: 10/19
  3305 | D        | Noticed an eleionoma
  3305 | D        | Noticed an eleionoma
  3323 | D        | Killed an eleionoma
  3330 | D        | Killed an eleionoma
  3348 | D        | Reached skill level 5 in Spellcasting
  3440 | D        | Noticed a ghost moth
  3445 | D        | Killed a ghost moth
  3475 | D        | Noticed a caustic shrike
  3488 | D        | Killed a caustic shrike
  3882 | D        | Noticed an emperor scorpion
  3892 | D        | Killed an emperor scorpion
  3985 | D        | Noticed a green very ugly thing
  3985 | D        | Noticed a red very ugly thing
  3989 | D        | Killed a green very ugly thing
  3997 | D        | Killed a red very ugly thing
  3998 | D        | Noticed an iron dragon
  4003 | D        | Noticed a stone giant
  4021 | D        | Noticed a stone giant
  4023 | D        | Noticed a spark wasp
  4024 | D        | Noticed a stone giant
  4025 | D        | Noticed a stone giant
  4030 | D        | Killed an iron dragon
  4034 | D        | Killed a stone giant
  4038 | D        | Killed a stone giant
  4039 | D        | Reached XP level 15. HP: 141/141 MP: 22/28
  4041 | D        | Killed a stone giant
  4046 | D        | Noticed a fire giant
  4054 | D        | Killed a stone giant
  4058 | D        | Reached skill level 10 in Spellcasting
  4068 | D        | Killed a fire giant
  4081 | D        | Reached skill level 27 in Long Blades
  4156 | D        | Noticed a vault warden
  4156 | D        | Noticed an ironbound preserver
  4156 | D        | Noticed an ironbound preserver
  4177 | D        | Killed a vault warden
  4180 | D        | Killed an ironbound preserver
  4185 | D        | Killed an ironbound preserver
  4191 | D        | Noticed a sphinx
  4198 | D        | Noticed a sphinx
  4208 | D        | Noticed an orc warlord
  4215 | D        | Killed a sphinx
  4218 | D        | Killed a sphinx
  4225 | D        | Noticed an ironbound preserver
  4229 | D        | Killed an orc warlord
  4241 | D        | Killed an ironbound preserver
  4489 | D        | Noticed an emperor scorpion
  4495 | D        | Killed an emperor scorpion
  4504 | D        | Bought a potion of might for 120 gold pieces
  4504 | D        | Bought a curved copper wand for 120 gold pieces
  4504 | D        | Bought the +13 scythe of Curses {drain, curses, Drain} for
                  | 2400 gold pieces
  4504 | D        | Found the +13 scythe of Curses {drain, curses, Drain}
  4504 | D        | Bought 3 scrolls labelled ZOYMEKHACWO for 90 gold pieces
  4504 | D        | Bought a lightning rod (4/4) for 1200 gold pieces
  4504 | D        | Bought a wand of paralysis (3) for 216 gold pieces
  4704 | D        | Bought a wand of mindburst (5) for 105 gold pieces
  4704 | D        | Bought a wand of flame (10) for 105 gold pieces
  4757 | D        | Noticed Louise
  4775 | D        | Killed Louise
  4818 | D        | Noticed an emperor scorpion
  4818 | D        | Noticed a ghost moth
  4820 | D        | Noticed an emperor scorpion
  4825 | D        | Killed an emperor scorpion
  4827 | D        | Killed a ghost moth
  4834 | D        | Killed an emperor scorpion
  4839 | D        | Reached XP level 16. HP: 156/156 MP: 20/34
  4840 | D        | Reached skill level 5 in Evocations
  4874 | D        | Got a gossamer rune of Zot
  4909 | D        | Noticed a nagaraja
  4910 | D        | Noticed a nagaraja
  4916 | D        | Killed a nagaraja
  4919 | D        | Noticed a nagaraja
  4923 | D        | Killed a nagaraja
  4924 | D        | Reached skill level 15 in Spellcasting
  4926 | D        | Noticed a nagaraja
  4938 | D        | Killed a nagaraja
  4959 | D        | Killed a nagaraja
  4967 | D        | Got a serpentine rune of Zot
  5196 | D        | Got a decaying rune of Zot
  5204 | D        | Noticed Ilsuiw
  5224 | D        | Killed Ilsuiw
  5279 | D        | Got a barnacled rune of Zot
  5304 | D        | Noticed Boris
  5313 | D        | Killed Boris
  5444 | D        | Noticed Frederick
  5453 | D        | Noticed Jory
  5456 | D        | Killed Frederick
  5457 | D        | Reached skill level 27 in Shields
  5473 | D        | Killed Jory
  5679 | D        | Reached skill level 27 in Fighting
  5707 | D        | Reached XP level 17. HP: 174/174 MP: 36/36
  5722 | D        | Reached skill level 10 in Dodging
  5950 | D        | Bought a spiked plate armour for 1148 gold pieces
  5950 | D        | Identified the +0 plate armour of Caustic Wonder {Int+2}
                  | (You bought it in a shop in the Dungeon)
  5961 | D        | Noticed a tengu reaver
  5961 | D        | Noticed a shadow dragon
  5973 | D        | Killed a tengu reaver
  5981 | D        | Killed a shadow dragon
  5982 | D        | Noticed a shadow dragon
  5988 | D        | Noticed a shadow dragon
  6001 | D        | Killed a shadow dragon
  6010 | D        | Killed a shadow dragon
  6015 | D        | Reached skill level 15 in Dodging
  6112 | D        | Bought the Volume of the Four Leylines for 816 gold pieces
  6112 | D        | Bought a book of Debilitation for 476 gold pieces
  6112 | D        | Bought a book of Displacement for 374 gold pieces
  6112 | D        | Bought a manual of Evocations for 1360 gold pieces
  6112 | D        | Bought a book of the Hunter for 612 gold pieces
  6112 | D        | Bought a book of Sloth for 510 gold pieces
  6112 | D        | Bought the Incunable of Changing and Anthracomancy for 544
                  | gold pieces
  6112 | D        | Bought Great Wizards, Vol. II for 646 gold pieces
  6113 | D        | Noticed a shadow dragon
  6113 | D        | Noticed a shadow dragon
  6117 | D        | Noticed a shadow dragon
  6123 | D        | Killed a shadow dragon
  6130 | D        | Reached skill level 10 in Evocations
  6142 | D        | Killed a shadow dragon
  6151 | D        | Killed a ghostly shadow dragon
  6152 | D        | Identified the staff "Xiocrutz" {*Corrode rC- Str+7 SInv
                  | Earth}
  6161 | D        | Killed a shadow dragon
  6169 | D        | Killed a ghostly shadow dragon
  6210 | D        | Got a silver rune of Zot
  6211 | D        | Identified the amulet of Tofionam {RegenMP rElec rF+++
                  | Dex-5}
  6266 | D        | Noticed a tengu reaver
  6268 | D        | Noticed Sojobo
  6268 | D        | Noticed a tengu reaver
  6270 | D        | Noticed Nikola
  6275 | D        | Killed a tengu reaver
  6287 | D        | Killed a tengu reaver
  6288 | D        | Killed Sojobo
  6304 | D        | Killed Nikola
  6305 | D        | Reached skill level 15 in Evocations
  6356 | D        | Got the ring of Rofiw {Wiz rC- Str+5}
  6358 | D        | Got the ring of Kuamyor {rPois rC++ EV+3 Int+5}
  6360 | D        | Got the amulet "Zod Bief" {Faith rElec Will+ Dex+3}
  6362 | D        | Got the ring of the Leaf {rF+ Will+ Dex+3 Stlth-}
  6364 | D        | Got the ring "Pam Famapn" {rCorr Dex+4}
  6385 | D        | Got the +0 cloak of the Elephant {rF+ Dex+4}
  6478 | D        | Noticed Mara
  6482 | D        | Noticed rocky1's illusion
  6497 | D        | Killed Mara
  6501 | D        | Noticed Xtahua
  6512 | D        | Killed Xtahua
  6513 | D        | Reached XP level 18. HP: 166/182 MP: 28/37
  6685 | D        | Reached skill level 27 in Armour
  7018 | D        | Noticed a tentacled monstrosity
  7018 | D        | Noticed a death cob
  7018 | D        | Noticed a death cob
  7018 | D        | Noticed a tentacled monstrosity
  7030 | D        | Killed a tentacled monstrosity
  7036 | D        | Killed a tentacled monstrosity
  7051 | D        | Killed a death cob
  7056 | D        | Killed a death cob
  7088 | D        | Noticed a tentacled monstrosity
  7094 | D        | Killed a tentacled monstrosity
  7177 | D        | Noticed a Killer Klown
  7177 | D        | Noticed a tentacled monstrosity
  7177 | D        | Noticed a curse toe
  7182 | D        | Noticed a tentacled monstrosity
  7190 | D        | Killed a Killer Klown
  7201 | D        | Killed a tentacled monstrosity
  7204 | D        | Killed a tentacled monstrosity
  7205 | D        | Noticed a curse toe
  7230 | D        | Killed a curse toe
  7248 | D        | Killed a curse toe
  7249 | D        | Reached XP level 19. HP: 22/189 MP: 2/38
  7665 | D        | Noticed an Orb Guardian
  7665 | D        | Noticed an Orb Guardian
  7665 | D        | Noticed an Orb Guardian
  7665 | D        | Noticed an Orb Guardian
  7665 | D        | Noticed an Orb Guardian
  7665 | D        | Noticed an Orb Guardian
  7668 | D        | Killed an Orb Guardian
  7673 | D        | Killed an Orb Guardian
  7676 | D        | Killed an Orb Guardian
  7678 | D        | Noticed an Orb Guardian
  7682 | D        | Killed an Orb Guardian
  7688 | D        | Noticed an Orb Guardian
  7692 | D        | Killed an Orb Guardian
  7698 | D        | Killed an Orb Guardian
  7703 | D        | Killed an Orb Guardian
  7704 | D        | Reached skill level 27 in Dodging
  7708 | D        | Killed an Orb Guardian
  7709 | D        | Noticed an Orb Guardian
  7710 | D        | Noticed an Orb Guardian
  7718 | D        | Killed an Orb Guardian
  7725 | D        | Killed an Orb Guardian
  7744 | D        | Bought the necklace of Bloodlust {Fury *Rage Will++ Int-3
                  | Slay+6} for 724 gold pieces
  7744 | D        | Found the necklace of Bloodlust {Fury *Rage Will++ Int-3
                  | Slay+6}
  7862 | D        | Noticed an Orb Guardian
  7862 | D        | Noticed an Orb Guardian
  7863 | D        | Noticed an Orb Guardian
  7877 | D        | Noticed an Orb Guardian
  7880 | D        | Killed an Orb Guardian
  7885 | D        | Killed an Orb Guardian
  7900 | D        | Killed an Orb Guardian
  7906 | D        | Killed an Orb Guardian
  8026 | D        | Noticed an ancient lich
  8038 | D        | Killed an ancient lich
  8252 | D        | Noticed an orb of fire
  8256 | D        | Gained mutation: You are weak. (Str -2) [an orb of fire]
  8259 | D        | Gained mutation: You are clumsy. (Dex -2) [an orb of fire]
  8261 | D        | Killed an orb of fire
  8265 | D        | Noticed an electric golem
  8279 | D        | Killed an electric golem
  8316 | D        | Lost mutation: You are weak. (Str -2) [potion of mutation]
  8316 | D        | Lost mutation: You are clumsy. (Dex -2) [potion of
                  | mutation]
  8316 | D        | Gained mutation: Your spells are a little harder to cast,
                  | but a little more powerful. [potion of mutation]
  8319 | D        | Noticed an electric golem
  8319 | D        | Noticed an orb of fire
  8319 | D        | Noticed an orb of fire
  8321 | D        | Noticed a Killer Klown
  8323 | D        | Noticed an ancient lich
  8327 | D        | Killed an orb of fire
  8328 | D        | Gained mutation: You are clumsy. (Dex -2) [an orb of fire]
  8328 | D        | Gained mutation: You are vulnerable to heat. (rF-) [an orb
                  | of fire]
  8333 | D        | Noticed a golden dragon
  8335 | D        | Killed an orb of fire
  8342 | D        | Killed an ancient lich
  8353 | D        | Killed a golden dragon
  8354 | D        | Noticed an Orb Guardian
  8375 | D        | Killed an Orb Guardian
  8377 | D        | Killed an electric golem
  8389 | D        | Killed a Killer Klown
  8390 | D        | Reached XP level 20. HP: 178/197 MP: 46/46
  8538 | D        | Bought the +4 consecrated labrys {holy, Valiant Fragile Fly
                  | SInv} for 1151 gold pieces
  8538 | D        | Found the +4 consecrated labrys {holy, Valiant Fragile Fly
                  | SInv}
  8667 | D        | Reached skill level 5 in Polearms
  8678 | D        | Reached skill level 27 in Evocations
  8698 | D        | Reached skill level 10 in Polearms
  8908 | D        | Noticed an ancient lich
  8908 | D        | Noticed an ancient lich
  8918 | D        | Killed an ancient lich
  8919 | D        | Noticed an ancient lich
  8921 | D        | Killed an ancient lich
  8933 | D        | Killed an ancient lich
  8945 | D        | Reached skill level 15 in Polearms
  9010 | D        | Bought a potion of invisibility for 128 gold pieces
  9010 | D        | Bought a potion of curing for 48 gold pieces
  9010 | D        | Bought a potion of curing for 48 gold pieces
  9010 | D        | Bought a potion of curing for 48 gold pieces
  9010 | D        | Bought a potion of curing for 48 gold pieces
  9042 | D        | Reached skill level 27 in Spellcasting
  9089 | D        | Got an elven rune of Zot
  9435 | D        | Noticed the Royal Jelly
  9457 | D        | Killed the Royal Jelly
  9458 | D        | Reached XP level 21. HP: 188/204 MP: 52/52
  9751 | D        | Got a slimy rune of Zot
  9886 | D        | Learned a level 4 spell: Sticky Flame
  9962 | D        | Reached skill level 1 in Conjurations
  9974 | D        | Reached skill level 5 in Conjurations
  9974 | D        | Reached skill level 5 in Fire Magic
 10179 | D        | Bought the ring "Casup" {rF+ rC+ Will+} for 644 gold pieces
 10287 | D        | Reached skill level 27 in Polearms
 10298 | D        | Reached skill level 10 in Fire Magic
 10600 | D        | Noticed a royal mummy
 10600 | D        | Noticed a royal mummy
 10600 | D        | Noticed a royal mummy
 10600 | D        | Noticed a royal mummy
 10600 | D        | Noticed a royal mummy
 10609 | D        | Killed a royal mummy
 10610 | D        | Reached skill level 10 in Conjurations
 10625 | D        | Killed a royal mummy
 10627 | D        | Killed from afar by a royal mummy

Illustrated notes

Levels and vault maps discovered:
D:        linesprint [early_d, line_temple, items_1, d_10, items_2, lair_1,
          lair_end, items_3, orc_1, orc_end, items_4, d_15, swamp_1, shoals_1,
          snake_1, spider_1, d_20, vaults_1, items_5, swamp_end, shoals_end,
          snake_end, spider_end, vaults_end, d_27, items_6, zot_1, zot_end,
          crypt_end, forest_end, elf_end, slime_end, tomb_end, abyss_end,
          pan_hell_end]

Skill      XL: |  1  2  3  4  5  6  7  8  9 10 11 12 13 14 15 16 17 18 19 20 21 |
---------------+----------------------------------------------------------------+-----
Fighting       | 4 5 7 8 9 10 11 14 15 18 20 22 27 | 27.0
Long Blades    | 3 4 5 9 11 12 14 15 18 21 24 26 27 | 27.0
Armour         | 4 5 6 7 8 9 11 13 14 15 16 17 24 27 | 27.0
Shields        | 5 6 8 9 10 11 12 13 15 18 22 27 | 27.0
Dodging        | 1 3 4 6 7 9 17 26 27 | 27.0
Evocations     | 1 4 8 15 26 27 | 27.0
Stealth        | 1 2 |  2.3
Spellcasting   | 3 9 14 15 22 27 | 27.0
Polearms       | 24 27 | 27.0
Conjurations   | 11 | 11.6
Fire Magic     | 12 | 12.6

Action                     |  1- 3 |  4- 6 |  7- 9 | 10-12 | 13-15 | 16-18 | 19-21 || total
---------------------------+-------+-------+-------+-------+-------+-------+-------++-------
  Melee: Long sword        |    28 |    31 |       |       |       |       |       ||    59
         Scimitar          |       |       |     5 |    98 |       |       |       ||   103
         Great sword       |       |       |       |   203 |   413 |   683 |   466 ||  1765
         Bardiche          |       |       |       |       |     3 |       |       ||     3
 Invoke: Potion Petition   |       |       |       |     1 |     1 |     2 |       ||     4
         Call Merchant     |       |       |       |     1 |     5 |     3 |     6 ||    15
  Evoke: Wand              |       |     2 |     8 |       |       |       |       ||    10
         Condenser vane    |       |       |       |       |       |       |     4 ||     4
    Use: Potion            |       |       |     2 |       |     1 |     5 |     3 ||    11
         Scroll            |       |       |       |     4 |     4 |    15 |       ||    23
   Stab: Distracted        |       |       |     1 |     5 |     3 |     7 |     9 ||    25
         Sleeping          |       |       |       |       |       |     1 |       ||     1
         Invisible         |       |       |       |       |       |    10 |       ||    10
 Armour: Scale mail        |    18 |    24 |       |       |       |       |       ||    42
         Plate armour      |       |       |    23 |   138 |    39 |       |       ||   200
         Skin              |       |       |       |    21 |       |       |       ||    21
         Ring mail         |       |       |       |       |   140 |   147 |       ||   287
         Gold dragon scale |       |       |       |       |       |   102 |   118 ||   220
  Dodge: Dodged            |    12 |    22 |     6 |    79 |   113 |   236 |   118 ||   586
  Block: Buckler           |     2 |    14 |     1 |    62 |     8 |       |       ||    87
         Kite shield       |       |       |       |       |   271 |   482 |   296 ||  1049

Table legend: (Time is in decaauts) A = Elapsed time spent in this place. B = Non-inter-level travel time spent in this place. C = Inter-level travel time spent in this place. D = Time resting spent in this place. E = Time spent auto-exploring this place. F = Levels seen in this place. G = Mean time per level. A B C D E F G +--------+--------+--------+--------+--------+-----+--------+ Total | 10113 | 9947 | 166 | 4841 | 0 | 1 | 10113.0 | Dungeon | 10113 | 9947 | 166 | 4841 | 0 | 1 | 10113.0 | +--------+--------+--------+--------+--------+-----+--------+

Top non-repeatable levels by time:
       D: 10113 daAuts
